 Dungeon Sprint DCSS version 0.26.1-2-gb8aa6d0cf2 (webtiles) character file.

Game seed: 10611783279277715607

114 Groucho the Skirmisher (level 4, -5/46 HPs)
             Began as a Naga Fighter on Feb 13, 2021.
             Was a Priest of Cheibriados.
             Slain by a gnoll
             ... wielding a +0 halberd
              (7 damage)
             ... in the Dungeon (Sprint VII: "The Pits").
             The game lasted 00:04:14 (719 turns).

Groucho the Skirmisher (Naga Fighter)                Turns: 719, Time: 00:04:14

Health: -5/46      AC:  5    Str: 25    XL:     4   Next: 98%
Magic:  4/4        EV:  6    Int: 14    God:    Cheibriados [***...]
Gold:   0          SH: 10    Dex: 17    Spells: 3/3 levels left

rFire    . . .     SeeInvis +   a - +2 hand axe
rCold    . . .     Faith    .   c - +0 kite shield
rNeg     . . .     Spirit   .   b - +0 scale mail
rPois    +         Reflect  .   (no helmet)
rElec    .         Harm     .   (no cloak)
rCorr    .         Rampage  .   (no gloves)
Will     .....     NoTele   +   (no barding)
Stlth    +.........             (no amulet)
HPRegen  0.15/turn              (no ring)
MPRegen  0.09/turn              (no ring)

@: very slightly contaminated, invisible, very slow
A: large, see invisible, deformed body, poison resistance, slowness 2, spit
poison 1, AC +1
a: Spit Poison, Renounce Religion, Bend Time, Temporal Distortion


You were in the Dungeon.
You worshipped Cheibriados.
Cheibriados was most pleased with you.
You visited 1 branch

Inventory:

Hand Weapons
 a - a +2 hand axe (weapon)
 k - a +2 mace
Missiles
 p - 10 stones
Armour
 b - a +0 scale mail (worn)
 c - a +0 kite shield (worn)
Scrolls
 j - a scroll of blinking
 m - 3 scrolls of remove curse
 n - 5 scrolls of amnesia
 o - a scroll of summoning
Potions
 d - a potion of might
 g - a potion of haste
 h - 4 potions of magic
 i - 3 potions of berserk rage
 l - a potion of invisibility


   Skills:
 + Level 5.3 Fighting
 + Level 3.9 Axes
 + Level 5.3 Armour
 + Level 0.4 Dodging
 + Level 1.0 Stealth
 + Level 4.4 Shields


You had 3 spell levels left.
You didn't know any spells.
Your spell library was empty.

Dungeon Overview and Level Annotations

Branches:
Dungeon (1/1)

Altars:
Ashenzari
Cheibriados
Dithmenos
Elyvilon
Fedhas
Gozag
Hepliaklqana
Kikubaaqudgha
Makhleb
Nemelex Xobeh
Okawaru
Qazlal
Ru
Sif Muna
Trog
Uskayaw
Vehumet
Wu Jian
Xom
Yredelemnul
Zin
The Shining One
Beogh
Jiyva
Lugonu


Innate Abilities, Weirdness & Mutations

You cannot wear boots.
Your serpentine skin is tough. (AC +1)
You have supernaturally acute eyesight. (SInv)
Armour fits poorly on your strangely shaped body.
Your system is resistant to poisons. (rPois)
You cover ground very slowly.
You can spit poison.


Message History

Your Fighting skill increases to level 5!
Your Axes skill increases to level 3!
Your Armour skill increases to level 5!
Your Stealth skill increases to level 1!
Your Shields skill increases to level 4!
You have reached level 4!
You feel stronger.
Unknown command.
Unknown command.
You slash the gnoll!
The gnoll is severely wounded.
You block the gnoll's attack.
Your shield and scale mail prevent you from hitting the gnoll.
The gnoll is severely wounded.
The gnoll hits you with a +0 halberd.
* * * LOW HITPOINT WARNING * * *
Unknown command.
You hit the gnoll.
The gnoll is almost dead.
The gnoll hits you with a +0 halberd!
You die...

#_________.#
#_________.#
#_______...###########++
##########'##...........
#.?..')).).##......#..#.
##########.##...........
#..........†'...........
#+#####)#####......#..#.
#...#@# #...........
#...#g# ####'#####++
#..†'.# #.......#
##'#### #.......#
#.....# #.......#
#....K# #...<...#
#....... #.......#
#........##.......#
###########.......#


You could see a gnoll.

Vanquished Creatures
  A big kobold (D)
  A worker ant (D)
  A river rat (D)
  An ooze (D)
  A leopard gecko (D)
  A ball python (D)
  2 hobgoblins (D)
8 creatures vanquished.

Notes
Turn   | Place    | Note
-------+----------+-------------------------------------------
     0 | D        | Groucho the Naga Fighter began the quest for the Orb.
     0 | D        | Reached XP level 1. HP: 21/21 MP: 1/1
    62 | D        | Found a bloodstained altar of Trog.
    62 | D        | Found a shimmering blue altar of Sif Muna.
    62 | D        | Found a viscous altar of Jiyva.
    62 | D        | Found a hazy altar of Hepliaklqana.
    62 | D        | Found an opulent altar of Gozag.
    63 | D        | Found a glowing golden altar of the Shining One.
    63 | D        | Found a glowing silver altar of Zin.
    63 | D        | Found a basalt altar of Yredelemnul.
    63 | D        | Found a shimmering altar of Xom.
    63 | D        | Found an ornate altar of the Wu Jian Council.
    63 | D        | Found a sacrificial altar of Ru.
    63 | D        | Found a stormy altar of Qazlal.
    63 | D        | Found an iron altar of Okawaru.
    63 | D        | Found a sparkling altar of Nemelex Xobeh.
    63 | D        | Found a burning altar of Makhleb.
    63 | D        | Found a blossoming altar of Fedhas.
    63 | D        | Found a white marble altar of Elyvilon.
    63 | D        | Found a shadowy altar of Dithmenos.
    63 | D        | Found a snail-covered altar of Cheibriados.
    66 | D        | Found a corrupted altar of Lugonu.
    66 | D        | Found a radiant altar of Vehumet.
    66 | D        | Found a roughly hewn altar of Beogh.
    67 | D        | Found an ancient bone altar of Kikubaaqudgha.
    67 | D        | Found a hide-covered altar of Uskayaw.
    67 | D        | Found a broken altar of Ashenzari.
    98 | D        | Became a worshipper of Cheibriados the Contemplative
   125 | D        | Reached * piety under Cheibriados
   134 | D        | Noticed a worker ant
   142 | D        | Killed a worker ant
   143 | D        | Reached XP level 2. HP: 17/30 MP: 2/2
   143 | D        | Reached XP level 3. HP: 20/36 MP: 3/3
   584 | D        | Reached ** piety under Cheibriados
   698 | D        | Noticed a big kobold
   716 | D        | Killed a big kobold
   716 | D        | Reached *** piety under Cheibriados
   717 | D        | Reached skill level 5 in Fighting
   717 | D        | Reached skill level 5 in Armour
   717 | D        | Reached skill level 1 in Stealth
   717 | D        | Reached XP level 4. HP: 4/46 MP: 4/4
   718 | D        | HP: 2/46 [gnoll/+0 halberd (3)]
   719 | D        | Slain by a gnoll

Illustrated notes

Levels and vault maps discovered:
D:        pitsprint [storerooms_1, entrance_room_1, metal_vault_2, armoury_1,
          mini_pit_1, grid_room_1, main_hall_1, silver_pit, the_coven_1,
          the_vestibule_1, steel_vault_4, golden_pit, hallway_of_sentries,
          crystal_vault_6, iron_vault_5, final_vault]

Skill      XL: |  1  2  3 |
---------------+----------+-----
Armour         | 3 5 |  5.3
Fighting       | 4 5 |  5.3
Shields        | 3 4 |  4.4
Axes           | 3 |  3.9
Stealth        | 1 |  1.0
Dodging        | |  0.4

Action                   |  1- 3 |  4- 6 || total
-------------------------+-------+-------++-------
Melee: Hand axe          |    42 |     3 ||    45
       War axe           |     1 |       ||     1
 Abil: Spit Poison       |     1 |       ||     1
  Use: Potion            |     3 |       ||     3
 Stab: Invisible         |     1 |       ||     1
Armor: Scale mail        |    10 |       ||    10
Dodge: Dodged            |    13 |       ||    13
Block: Kite shield       |    18 |     1 ||    19
